 Dungeon Crawl Stone Soup version 0.30-a0-135-g630cfc4551 (webtiles) character file.

Game seed: 5407220376063227996

42 funkygono the Firebug (level 3, -1/24 HPs)
             Began as a Demonspawn Fire Elementalist on Sept 20, 2022.
             Was an Initiate of Vehumet.
             Slain by Grinder (8 damage)
             ... while paralysed by Grinder
             ... on level 3 of the Dungeon.
             The game lasted 00:03:06 (2322 turns).

funkygono the Firebug (DsFE)                        Turns: 2322, Time: 00:03:06

Health: -1/24      AC:  4    Str:  8    XL:     3   Next: 35%
Magic:  0/6        EV:  2    Int: 18    God:    Vehumet [......]
Gold:   181        SH:  0    Dex: 13    Spells: 1/7 levels left

rFire   . . .      SeeInvis .    g - +0 short sword
rCold   . . .      Faith    .    (no shield)
rNeg    + . .      Spirit   .    a - +0 robe
rPois   .          Reflect  .    n - +2 hat
rElec   .          Harm     .    (no cloak)
rCorr   .          Rampage  .    (no gloves)
Will    .....                    (no boots)
Stlth   ++........               (no amulet)
HPRegen 0.08/turn                j - ring of positive energy
MPRegen 0.10/turn                (no ring)

@: paralysed
A: hooves 1, spiny 1
a: Renounce Religion


You were on level 3 of the Dungeon.
You worshipped Vehumet.
Vehumet was noncommittal.
You visited 1 branch of the dungeon, and saw 3 of its levels.

You collected 181 gold pieces.

Inventory:

Hand Weapons
 g - a +0 short sword (weapon)
Armour
 a - a +0 robe (worn)
 n - a +2 hat (worn)
Jewellery
 j - a ring of positive energy (left hand)
Scrolls
 c - a scroll of torment {unknown}
 e - 2 scrolls of enchant armour {unknown}
 f - a scroll of noise {unknown}
 k - a scroll of amnesia {unknown}
 m - a scroll of enchant weapon {unknown}
 o - a scroll of identify {unknown}
 p - a scroll of teleportation {unknown}
Potions
 b - a potion of magic
 d - a potion of haste {unknown}
 h - a potion of berserk rage {unknown}
 i - a potion of cancellation {unknown}
 l - a potion of brilliance {unknown}


   Skills:
 + Level 2.0 Dodging
 - Level 1.7 Stealth
 + Level 2.6 Spellcasting
 + Level 1.3 Conjurations
 + Level 3.3 Fire Magic


You had one spell level left.
You knew the following spells:

 Your Spells              Type           Power      Damage    Failure   Level
a - Foxfire               Conj/Fire      40%        2x1d6     6%          1
b - Scorch                Fire           28%        2d6       6%          2
c - Kindle Blastsparks    Fire/Tloc/Air  12%        2d11      32%         3

Your spell library contained the following spells:

 Spells                   Type           Power      Damage    Failure   Level
 Apportation              Tloc           4%         N/A       17%         1
 Sublimation of Blood     Necr           2%         N/A       26%         2
 Wereblood                Tmut           2%         N/A       26%         2
 Inner Flame              Hex/Fire       8%         N/A       26%         3
 Flame Wave               Conj/Fire      10%        2d6       54%         4
 Alistair's Intoxication  Tmut/Pois      1%         N/A       99%         5
 Summon Hydra             Summ           1%         N/A       100%        7


Dungeon Overview and Level Annotations

Branches:
Dungeon (3/15)

Altars:
Vehumet

Annotations:
D:3 Grinder


Innate Abilities, Weirdness & Mutations

You have large cloven feet.
You are partially covered in sharp spines.


Message History

The foxfire hits Grinder.
Grinder is almost dead.
Unknown command.
Casting: Foxfire (safe; 6% risk of failure)
Confirm with . or Enter, or press ? or * to list all spells.
You conjure some foxfire!
Grinder gestures at you. Pain shoots through your body!
You closely miss Grinder.
Grinder is almost dead.
The foxfire hits Grinder but does no damage.
Grinder is almost dead.
The foxfire hits Grinder.
Grinder is almost dead.
Grinder gestures at you. Pain shoots through your body!
You hit Grinder but do no damage. You kick Grinder, but do no damage.
Grinder is almost dead.
Grinder hits you.
You closely miss Grinder. Your kick misses Grinder.
Grinder is almost dead.
Grinder is struck by your spines. Grinder barely misses you.
You hit Grinder.
Grinder is almost dead.
Grinder barely misses you.
You closely miss Grinder. You kick Grinder, but do no damage.
Grinder is almost dead.
Grinder hits you.
You writhe in agony.
* * * LOW HITPOINT WARNING * * *
Unknown command.
You barely miss Grinder. You kick Grinder, but do no damage.
Grinder is almost dead.
Grinder says, "At least Makhleb appreciates what I'm doing."
Grinder gestures at you.
You suddenly lose the ability to move!
Grinder gestures at you.
You shrug off the repeated paralysis!
Grinder grins, showing sharp teeth.
Grinder hits you!
You die...

............###.#####
............#...#÷..#
........#.###.###...#
........#.#.....#...#
........#.#.##..#...#
........#....#.)#...#
........######..÷...#
######... #.##5..#
#... #.#@...#
#.#....# #.#....#
..#.#### .##.# . ..#
## ###


You could see Grinder.

Vanquished Creatures
  A worm (D:2)
  A dart slug (D:3)
  An orc (D:3)
  An endoplasm (D:2)
  A giant cockroach (D:1)
  3 goblins
  7 jackals
  2 quokkas (D:1)
  5 ball pythons
  6 bats (D:1)
  3 frilled lizards
  2 kobolds (D:1)
  3 rats
36 creatures vanquished.

Vanquished Creatures (others)
  112 foxfires
112 creatures vanquished.

Grand Total: 148 creatures vanquished

Notes
Turn   | Place    | Note
-------+----------+-------------------------------------------
     0 | D:1      | funkygono the Demonspawn Fire Elementalist began the quest
                  | for the Orb.
     0 | D:1      | Reached XP level 1. HP: 13/13 MP: 3/3
   500 | D:1      | Reached skill level 3 in Fire Magic
   543 | D:1      | Gained mutation: You are partially covered in sharp spines.
                  | [demonic ancestry]
   543 | D:1      | Reached XP level 2. HP: 19/19 MP: 3/5
  1156 | D:1      | Learned a level 2 spell: Scorch
  1356 | D:2      | Gained mutation: You have large cloven feet. [demonic
                  | ancestry]
  1356 | D:2      | Reached XP level 3. HP: 24/24 MP: 3/6
  1360 | D:2      | Learned a level 3 spell: Kindle Blastsparks
  1848 | D:2      | Found a radiant altar of Vehumet.
  1858 | D:2      | Became a worshipper of Vehumet
  1996 | D:3      | Noticed Grinder
  2244 | D:3      | Found a faded altar of an unknown god.
  2260 | D:3      | Paralysed by Grinder for 3 turns
  2302 | D:3      | Paralysed by Grinder for 2 turns
  2320 | D:3      | Paralysed by Grinder for 4 turns
  2322 | D:3      | Slain by Grinder

Illustrated notes

Levels and vault maps discovered:
D:1:      pf_arrival_petrified_forest, layout_loops_ring, minmay_split_cup_small
D:2:      layout_loops_ring, basic_altar, corner_web_ring,
          dreamdust_wishing_well
D:3:      layout_basic, pdpol_wu_jian_five_deadly_venoms,
          basic_ecumenical_altar, bh_walls_and_bars, uniq_grinder

Skill      XL: |  1 |
---------------+----+-----
Dodging        | 2 |  2.0
Fire Magic     | 3 |  3.3
Stealth        | |  1.7
Spellcasting   | |  2.6
Conjurations   | |  1.3

Action                   || total
-------------------------++-------
Melee: Club              ||     8
       Short sword       ||    11
       Kick              ||     3
 Cast: Foxfire           ||    65
       Scorch            ||     3
Armor: Robe              ||     7
Dodge: Dodged            ||    18

Table legend: (Time is in decaauts)
 A = Elapsed time spent in this place.
 B = Non-inter-level travel time spent in this place.
 C = Inter-level travel time spent in this place.
 D = Time resting spent in this place.
 E = Time spent auto-exploring this place.
 F = Levels seen in this place.
 G = Mean time per level.
                   A        B        C        D        E       F      G
               +--------+--------+--------+--------+--------+-----+--------+
         Total |   2323 |   2281 |     42 |      0 |   1930 |   3 |  774.3 |
       Dungeon |   2323 |   2281 |     42 |      0 |   1930 |   3 |  774.3 |
               +--------+--------+--------+--------+--------+-----+--------+

Top non-repeatable levels by time:
     D:1: 1155 daAuts
     D:2: 803 daAuts
     D:3: 364 daAuts
